 Dungeon Crawl Stone Soup version 0.28.0 (webtiles) character file.

Game seed: 18250845094352037622

17191 SweetAndFullOfGrace the Severer (level 12, -5/153 (165) HPs)
             Began as a Minotaur Berserker on Feb 19, 2022.
             Was a High Priest of Trog.
             Slain by a wraith (10 damage)
             ... led by Josephine
             ... on level 1 of the Orcish Mines.
             The game lasted 00:51:56 (12960 turns).

SweetAndFullOfGrace the Severer (MiBe)             Turns: 12960, Time: 00:51:56

HP:   -5/153 (165)  AC: 15    Str: 28    XL:     12   Next: 16%
MP:   11/11         EV: 13    Int:  9    God:    Trog [*****.]
Gold: 2394          SH:  0    Dex: 13    Spells: 11/11 levels left

rFire   . . .      SeeInvis +   E - +5 war axe of Incongruity {speed, Fragile rPois Int+3 Dex+4}
rCold   + . .      Faith    .   (no shield)
rNeg    . . .      Spirit   .   W - +0 chain mail of the Pits of Slime {rC+ Slay+2}
rPois   +          Reflect  .   (helmet restricted)
rElec   .          Harm     .   (no cloak)
rCorr   .          Rampage  .   P - +2 pair of gloves
Will    +....                   (no boots)
Stlth   ..........              f - amulet of the acrobat
HPRegen 0.35/turn               w - ring of willpower
MPRegen 0.12/turn               C - ring of see invisible

@: berserking, drained, very quick
A: horns 2, retaliatory headbutt, talons 1, clever 1
a: Renounce Religion, Berserk, Trog's Hand, Brothers in Arms


You were on level 1 of the Orcish Mines.
You worshipped Trog.
Trog was extremely pleased with you.
You visited 3 branches of the dungeon, and saw 13 of its levels.
You also visited: Sewer and Bailey.

You collected 2589 gold pieces.
You spent 195 gold pieces at shops.

Inventory:

Hand Weapons
 a - a +0 dagger of distortion
 g - a +0 hunting sling
 i - a +2 scimitar of flaming
 E - the +5 war axe of Incongruity (weapon) {speed, Fragile rPois Int+3 Dex+4}
   (You bought it in a shop on level 5 of the Dungeon)

   Attacks with this weapon are significantly faster.
   Int:       It affects your intelligence (+3).
   Dex:       It affects your dexterity (+4).
   rPois:     It protects you from poison.
   Fragile:   It will be destroyed if unequipped.
 N - a +0 battleaxe
 O - the +9 war axe of the Living Dead {drain, Str-3 Dex+2 SInv}
   (You found it on level 6 of the Dungeon)

   A truly terrible weapon, it drains the life of any living foe it strikes.
   Str:       It affects your strength (-3).
   Dex:       It affects your dexterity (+2).
   SInv:      It lets you see invisible.
 R - a +0 broad axe
 X - a +0 broad axe of freezing
Missiles
 b - 83 sling bullets
 c - 2 javelins (quivered)
 e - 361 stones
 l - 198 arrows
 s - 11 boomerangs of dispersal
 D - 23 boomerangs
 G - 59 bolts
 K - 2 curare-tipped darts
 M - 18 poisoned darts
Armour
 h - a +0 chain mail
 P - a +2 pair of gloves (worn)
 V - +0 acid dragon scales
 W - the +0 chain mail of the Pits of Slime (worn) {rC+ Slay+2}
   (You found it on level 8 of the Dungeon)

   Slay:      It affects your accuracy & damage with ranged weapons and melee
   (+2).
   rC:        It protects you from cold.
 Y - a +0 plate armour
Jewellery
 f - an amulet of the acrobat (around neck)
 q - a ring of protection from cold
 w - a ring of willpower (left hand)
 y - a ring of willpower
 C - a ring of see invisible (right hand)
 J - a ring of ice
Wands
 t - a wand of flame (15)
 u - a wand of iceblast (2)
Scrolls
 j - 3 scrolls of fog
 k - a scroll of brand weapon
 m - a scroll of enchant weapon
 o - a scroll of fear
 p - a scroll of silence {unknown}
 r - 4 scrolls of vulnerability
 A - 3 scrolls of noise
 F - 2 scrolls of teleportation
 I - 2 scrolls of blinking
 Q - a scroll of immolation
 S - a scroll of enchant armour
Potions
 d - 2 potions of resistance
 n - 4 potions of heal wounds
 v - 3 potions of curing
 x - 3 potions of flight
 z - 4 potions of lignification
 B - 2 potions of haste
 H - a potion of magic
 L - 2 potions of might
 U - a potion of berserk rage {unknown}
Miscellaneous
 T - a phial of floods


   Skills:
 + Level 11.1 Fighting
 - Level 16.0 Axes
 + Level 10.8 Armour
 + Level 9.9 Dodging


You had 11 spell levels left.
You didn't know any spells.
Your spell library was empty.

Dungeon Overview and Level Annotations

Branches:
Dungeon (10/15)            Temple (1/1) D:6             Orc (2/2) D:9
  Sewer (visited)          Bailey (visited)
   Lair: D:8-11         Elf: Orc:2

Altars:
Ashenzari
Cheibriados
Dithmenos
Elyvilon
Fedhas
Gozag
Hepliaklqana
Kikubaaqudgha
Makhleb
Nemelex Xobeh
Okawaru
Qazlal
Ru
Sif Muna
Trog
Uskayaw
Vehumet
Wu Jian
Xom
Yredelemnul
Zin
The Shining One
Beogh
Lugonu

Shops:
D:5 (:(

Portals:
Abyss: D:3

Annotations:
D:10 Snorg
Orc:2 Josephine


Innate Abilities, Weirdness & Mutations

You have a pair of horns on your head.
You reflexively headbutt those who attack you in melee.
You have sharp toenails.
Your mind is acute. (Int +2)


Message History

HP restored.
You climb downwards.
Level annotation: Josephine The orc warrior shouts!
The orc shouts!
The fire elemental hits you. The fire elemental burns you!
The fire elemental hits you. The fire elemental burns you!
The orc completely misses you. The fire elemental hits you.
The fire elemental burns you! The fire elemental hits you.
The fire elemental burns you! The ogre misses you.
The wraith barely misses you. You furiously retaliate!
You headbutt the wraith.
There is a stone staircase leading up, spattered with blood here.
The fire elemental barely misses you. You furiously retaliate!
You headbutt the fire elemental! The fire elemental hits you.
The fire elemental burns you! The orc barely misses you. The wraith hits you.
The ogre hits you with a +0 giant club! The fire elemental hits you.
The fire elemental burns you!
You climb upwards.
There is a stone staircase leading down here.
You are too injured to fight recklessly!
You are too injured to fight recklessly!
You completely miss the ogre. You claw the ogre!
The ogre is moderately wounded.
You slash the wraith! You completely miss the fire elemental.
You slash the orc!
You kill the orc!
Trog accepts your kill.
You hit the fire elemental. The fire elemental hits you.
The fire elemental burns you!
* * * LOW HITPOINT WARNING * * *
The wraith hits you but does no damage.
A red film seems to cover your vision as you go berserk!
You feel yourself moving faster!
You feel mighty! The fire elemental hits you. The fire elemental burns you!
* * * LOW HITPOINT WARNING * * *
The fire elemental hits you. The fire elemental burns you!
* * * LOW HITPOINT WARNING * * *
The ogre hits you with a +0 giant club!!
* * * LOW HITPOINT WARNING * * *
The wraith hits you!
You die...

.....##########.....#####
##..... ..#...# #########
#...... .###.##
#......)#######..... ##
###
####...#)))##.##......
#.....###...).).......
###.....##....).).......
#......####...........##
##.#..OW##...........###
###.<.@###....#........
#..E)E).....##.......
#............#.......
#...#.....#.###......
##.#......#####......
#####...#####......#
##.####......... ###
#.......... #......##..


You could see 2 fire elementals, a wraith and an ogre.

Vanquished Creatures
  2 orc warlords
  An ettin (Orc:2)
  Erica (D:8)
  3 two-headed ogres
  An orc high priest (Orc:1)
  2 orc knights
  An orc sorcerer (Orc:1)
  3 cyclopes
  Maggie (D:10)
  A kobold demonologist (D:8)
  6 trolls
  A shadow (D:9)
  5 wraiths
  2 wyverns (D:8)
  3 vampire mosquitoes
  2 steam dragons
  5 wargs
  An acid dragon (D:8)
  A water moccasin (D:8)
  An ice beast (D:6)
  17 orc warriors
  3 ogres
  2 sky beasts (D:5)
  3 centaurs
  A phantom (D:6)
  3 kobold brigands
  3 bullfrogs
  2 gnoll sergeants
  3 scorpions
  A killer bee (D:8)
  4 wights
  An electric eel (D:6)
  2 howler monkeys
  A bullfrog zombie (D:6)
  3 hounds
  4 centaur zombies
  3 jellies
  6 orc priests
  2 bullfrog skeletons
  2 gnoll shamans (D:8)
  3 iguanas
  Terence (D:2)
  Natasha (thrice) (D:3)
  14 orc wizards
  17 gnolls
  13 adders
  2 river rats (Sewer)
  A shadow imp (D:8)
  A white imp (D:6)
  3 worms
  A dart slug (D:2)
  69 orcs
  11 ball pythons
  5 endoplasms
  2 giant cockroaches
  10 goblins
  8 hobgoblins
  13 jackals
  5 quokkas
  6 bats
  6 frilled lizards
  28 kobolds
  16 rats
347 creatures vanquished.

Vanquished Creatures (collateral kills)
  A hobgoblin (Bailey)
1 creature vanquished.

Vanquished Creatures (others)
  An orc (Orc:2)
1 creature vanquished.

Grand Total: 349 creatures vanquished

Notes
Turn   | Place    | Note
-------+----------+-------------------------------------------
     0 | D:1      | SweetAndFullOfGrace the Minotaur Berserker began the quest
                  | for the Orb.
     0 | D:1      | Reached XP level 1. HP: 19/19 MP: 0/0
   170 | D:1      | Reached skill level 4 in Axes
   320 | D:1      | Reached XP level 2. HP: 26/26 MP: 1/1
   476 | D:1      | Reached skill level 5 in Axes
   631 | D:1      | Reached ** piety under Trog
   632 | D:1      | Reached XP level 3. HP: 26/31 MP: 2/2
   699 | D:1      | Found a faded altar of an unknown god.
  1309 | D:2      | Noticed a scorpion
  1316 | D:2      | Killed a scorpion
  1317 | D:2      | Reached skill level 6 in Axes
  1317 | D:2      | Reached XP level 4. HP: 24/39 MP: 3/3
  1724 | D:2      | Reached XP level 5. HP: 45/45 MP: 4/4
  1804 | D:2      | Reached skill level 7 in Axes
  1915 | D:2      | Noticed Terence
  1944 | D:2      | Killed Terence
  2472 | D:3      | Noticed Natasha
  2481 | D:3      | Killed Natasha
  2482 | D:3      | Reached skill level 8 in Axes
  2527 | D:3      | Reached *** piety under Trog
  2567 | D:3      | Reached XP level 6. HP: 51/51 MP: 5/5
  2680 | D:3      | Noticed Natasha
  2698 | D:3      | Killed Natasha
  2875 | D:3      | Found a large runed translucent door.
  2875 | D:3      | Found a corrupted altar of Lugonu.
  2875 | D:3      | Found a large runed translucent door.
  2909 | D:3      | Found a one-way gate to the infinite horrors of the Abyss.
  3148 | D:3      | Noticed Natasha
  3163 | D:3      | Killed Natasha
  3324 | D:4      | Reached skill level 9 in Axes
  3549 | D:4      | HP: 2/51 [orc priest/nerve-wracking pain (11)]
  3554 | D:4      | HP: 2/76 [orc priest (3)]
  3556 | D:4      | Reached XP level 7. HP: 2/57 MP: 6/6
  4352 | D:5      | Entered Level 5 of the Dungeon
  4369 | D:5      | Reached skill level 10 in Axes
  4515 | D:5      | Found Tajul's Antique Weapon Boutique.
  4575 | D:5      | Bought a polished war axe for 195 gold pieces
  4575 | D:5      | Identified the +5 war axe of Incongruity {speed, Fragile
                  | rPois Int+3 Dex+4} (You bought it in a shop on level 5 of
                  | the Dungeon)
  4631 | D:5      | Found Kynilept's Weapon Emporium.
  4639 | D:5      | Reached **** piety under Trog
  4830 | D:5      | Found Cihosear's Book Emporium.
  5087 | D:6      | Reached skill level 4 in Fighting
  5087 | D:6      | Reached skill level 3 in Armour
  5145 | D:6      | Reached skill level 11 in Axes
  5145 | D:6      | Reached XP level 8. HP: 66/66 MP: 7/7
  5156 | D:6      | Reached skill level 3 in Dodging
  5210 | D:6      | Reached skill level 4 in Armour
  5244 | D:6      | Found a staircase to the Ecumenical Temple.
  5287 | D:6      | Found a glowing drain.
  5295 | Sewer    | Entered a sewer
  5635 | Temple   | Entered the Ecumenical Temple
  5907 | D:6      | Reached skill level 5 in Fighting
  6019 | D:6      | Identified the +9 war axe of the Living Dead {drain, Str-3
                  | Dex+2 SInv}
  6449 | D:6      | Reached skill level 4 in Dodging
  6705 | D:6      | Identified a scroll of acquirement
  6725 | D:7      | Gained mutation: You expend magic power (3 MP) to
                  | strengthen your wands. [potion of mutation]
  6725 | D:7      | Gained mutation: You have a pair of large horns on your
                  | head. [potion of mutation]
  6761 | D:7      | Reached ***** piety under Trog
  7016 | D:7      | Reached skill level 12 in Axes
  7052 | D:7      | Reached skill level 5 in Armour
  7281 | D:7      | Reached XP level 9. HP: 75/75 MP: 8/8
  7526 | D:7      | Lost mutation: You expend magic power (3 MP) to strengthen
                  | your wands. [potion of mutation]
  7526 | D:7      | Lost mutation: You have a pair of large horns on your head.
                  | [potion of mutation]
  7526 | D:7      | Gained mutation: Your mind is acute. (Int +2) [potion of
                  | mutation]
  7526 | D:7      | Gained mutation: You have sharp toenails. [potion of
                  | mutation]
  7652 | D:8      | Reached skill level 6 in Fighting
  7661 | D:8      | Reached skill level 5 in Dodging
  7677 | D:8      | Noticed Erica
  7688 | D:8      | Killed Erica
  7689 | D:8      | Reached skill level 13 in Axes
  7689 | D:8      | Reached skill level 6 in Armour
  7791 | D:8      | Found a white marble altar of Elyvilon.
  7846 | D:8      | Found a stormy altar of Qazlal.
  7849 | D:8      | Reached skill level 7 in Fighting
  7915 | D:8      | Found a flagged portal.
  7935 | Bailey   | Entered a bailey
  7974 | Bailey   | Noticed an orc warlord
  8047 | Bailey   | Noticed an orc knight
  8052 | Bailey   | Reached skill level 6 in Dodging
  8069 | Bailey   | Killed an orc knight
  8070 | Bailey   | Reached XP level 10. HP: 71/86 MP: 9/9
  8250 | Bailey   | Found a runed translucent gate.
  8252 | Bailey   | Found a runed translucent gate.
  8253 | Bailey   | Found a runed translucent gate.
  8286 | Bailey   | Killed an orc warlord
  8287 | Bailey   | Reached skill level 14 in Axes
  8287 | Bailey   | Reached skill level 7 in Armour
  8431 | Bailey   | Acquired 936 gold pieces
  8433 | Bailey   | Acquired 733 gold pieces
  8765 | D:8      | Noticed a cyclops
  8776 | D:8      | Killed a cyclops
  8927 | D:8      | Noticed a two-headed ogre
  8939 | D:8      | Killed a two-headed ogre
  8940 | D:8      | Reached skill level 8 in Fighting
  8940 | D:8      | Reached skill level 7 in Dodging
  9191 | D:8      | Noticed a rust devil
  9197 | D:8      | Reached skill level 8 in Armour
  9201 | D:8      | Noticed a cyclops
  9207 | D:8      | Killed a cyclops
  9227 | D:8      | Identified the +0 chain mail of the Pits of Slime {rC+
                  | Slay+2}
  9328 | D:9      | Noticed a two-headed ogre
  9387 | D:8      | Reached skill level 15 in Axes
  9437 | D:10     | Entered Level 10 of the Dungeon
  9437 | D:10     | Noticed Maggie
  9451 | D:10     | Killed Maggie
  9452 | D:10     | Reached XP level 11. HP: 75/95 MP: 10/10
  9459 | D:10     | Noticed Snorg
  9621 | D:9      | Killed a two-headed ogre
  9622 | D:9      | Reached skill level 9 in Fighting
  9846 | D:9      | Found a sacrificial altar of Ru.
  9924 | D:9      | Reached skill level 8 in Dodging
 10097 | D:9      | Received a gift from Trog
 10098 | D:9      | Reached skill level 9 in Armour
 10247 | D:9      | Noticed a two-headed ogre
 10257 | D:9      | Killed a two-headed ogre
 10567 | D:9      | Found a staircase to the Orcish Mines.
 11007 | Orc:1    | Entered Level 1 of the Orcish Mines
 11094 | Orc:1    | Noticed an orc knight
 11130 | Orc:1    | Killed an orc knight
 11131 | Orc:1    | Reached skill level 16 in Axes
 11465 | Orc:1    | Noticed an orc high priest
 11475 | Orc:1    | Noticed a sun demon
 11480 | Orc:1    | Killed an orc high priest
 11481 | Orc:1    | Reached skill level 10 in Fighting
 11709 | Orc:1    | Noticed an orc sorcerer
 11716 | Orc:1    | Killed an orc sorcerer
 11717 | Orc:1    | Reached skill level 9 in Dodging
 11770 | Orc:1    | Noticed an orc warlord
 11950 | Orc:1    | Reached skill level 10 in Armour
 12020 | Orc:1    | Killed an orc warlord
 12038 | Orc:1    | Received a gift from Trog
 12329 | Orc:2    | Entered Level 2 of the Orcish Mines
 12340 | Orc:2    | Reached XP level 12. HP: 104/108 MP: 11/11
 12453 | Orc:2    | Noticed an ettin
 12462 | Orc:2    | Killed an ettin
 12463 | Orc:2    | Reached skill level 11 in Fighting
 12697 | Orc:2    | Noticed Josephine
 12960 | Orc:1    | HP: 5/153 [ogre (22)]
 12960 | Orc:1    | Slain by a wraith

Illustrated notes

Levels and vault maps discovered:
D:1:      matt_arrival_spirals, layout_basic,
          hellmonk_ecumenical_altar_dog_temple, nrook_uturn
D:2:      layout_loops_ring, kennysheep_decorative_pillar,
          kennysheep_flooded_box, kennysheep_cluttered_room,
          grunt_ministairs_12, uniq_terence
D:3:      due_chaos_kobolds, layout_loops_ring, uniq_natasha
D:4:      layout_loops_cross, due_unseen_surprise
D:5:      layout_basic, serial_shops, shop_fountains, nicolae_shop_behind_doors,
          shop, ebering_dispersal_statue_hall
D:6:      layout_basic, minmay_temple_entry_mist, portal_sewer_entry_b,
          lightli_minifort
D:7:      wander_river, layout_gridville
D:8:      minmay_slanted_spiral_squares, layout_basic,
          nicolae_overflow_hidden_temple, elyvilon_altar_4, enter_bailey_3,
          nicolae_concentric_dashed_squares_wild, minmay_misc_feat_rugged,
          minmay_bent, uniq_erica
D:9:      minmay_s_stair_smasher, layout_stronghold, nicolae_ru_awakened_eye,
          minmay_orc_entry_temple_small
D:10:     layout_big_octagon, dpeg_lair_monsters, uniq_joseph, uniq_maggie,
          uniq_snorg
Temple:   mainiacjoe_temple_bowtie_tessellation
Orc:1:    layout_diamond_mine, bh_open_orc_temple
Orc:2:    pf_orc_diabolical, layout_caves, uniq_josephine, uniq_azrael

Skill      XL: |  1  2  3  4  5  6  7  8  9 10 11 12 |
---------------+-------------------------------------+-----
Axes           | 4 5 6 8 9 11 12 13 15 16 | 16.0
Fighting       | 4 5 7 8 10 11 | 11.1
Armour         | 3 5 6 8 10 | 10.8
Dodging        | 4 6 7 9 |  9.9

Action                   |  1- 3 |  4- 6 |  7- 9 | 10-12 || total
-------------------------+-------+-------+-------+-------++-------
Melee: Hand axe          |    83 |   203 |    35 |       ||   321
       Headbutt          |     6 |    22 |    35 |    64 ||   127
       Punch             |     2 |     1 |     6 |     1 ||    10
       War axe           |       |       |   234 |   284 ||   518
       Kick              |       |       |    22 |    82 ||   104
Invok: Berserk           |       |     3 |       |     3 ||     6
       Brothers in Arms  |       |       |       |     2 ||     2
       Trog's Hand       |       |       |       |     1 ||     1
  Use: Scroll            |     2 |     4 |    10 |     5 ||    21
       Potion            |       |       |     7 |       ||     7
Armor: Leather armour    |     3 |       |       |       ||     3
       Chain mail        |    39 |    83 |    78 |    61 ||   261
Dodge: Dodged            |    46 |    75 |   128 |   121 ||   370

Table legend: (Time is in decaauts)
 A = Elapsed time spent in this place.
 B = Non-inter-level travel time spent in this place.
 C = Inter-level travel time spent in this place.
 D = Time resting spent in this place.
 E = Time spent auto-exploring this place.
 F = Levels seen in this place.
 G = Mean time per level.
                   A        B        C        D        E       F      G
               +--------+--------+--------+--------+--------+-----+--------+
         Total |  12860 |  12384 |    476 |   1418 |   7946 |  15 |  857.3 |
       Dungeon |   9885 |   9459 |    426 |    720 |   6595 |  10 |  988.5 |
        Temple |    250 |    220 |     30 |      0 |    203 |   1 |  250.0 |
  Orcish Mines |   1909 |   1889 |     20 |    576 |    935 |   2 |  954.5 |
         Sewer |    306 |    306 |      0 |      0 |    140 |   1 |  306.0 |
        Bailey |    509 |    509 |      0 |    122 |     71 |   1 |  509.0 |
               +--------+--------+--------+--------+--------+-----+--------+

Top non-repeatable levels by time:
   Orc:1: 1747 daAuts
     D:9: 1564 daAuts
     D:8: 1315 daAuts
     D:2: 1282 daAuts
     D:6: 1171 daAuts
     D:1: 1047 daAuts
     D:4: 1034 daAuts
     D:3: 999 daAuts
     D:7: 806 daAuts
     D:5: 645 daAuts
  Bailey: 509 daAuts
   Sewer: 306 daAuts
  Temple: 250 daAuts
   Orc:2: 162 daAuts
    D:10: 17 daAuts

Table legend:
 A = Non-vault XP
 B = Vault XP
 C = Vault XP percentage of total XP
 D = Non-vault monster count
 E = Vault monster count
 F = Vault count percentage of total count
                 A         B        C        D         E       F
            +---------+---------+-------+---------+---------+-------
      Total |   12410 |   12149 |  49.5 |     239 |     109 |  31.3
            +---------+---------+-------+---------+---------+-------
        D:1 |      47 |       6 |  11.3 |      29 |       3 |   9.4
        D:2 |     167 |      50 |  23.0 |      20 |       3 |  13.0
        D:3 |     175 |      41 |  19.0 |      33 |       5 |  13.2
        D:4 |     328 |       0 |   0.0 |      12 |       0 |   0.0
        D:5 |     425 |       0 |   0.0 |      12 |       0 |   0.0
        D:6 |     897 |     191 |  17.6 |      22 |       8 |  26.7
        D:7 |     457 |       0 |   0.0 |      18 |       0 |   0.0
        D:8 |    1214 |    4242 |  77.7 |      19 |      27 |  58.7
        D:9 |    1929 |    3130 |  61.9 |      19 |      17 |  47.2
       D:10 |       6 |     398 |  98.5 |       2 |       1 |  33.3
     Temple |      14 |       0 |   0.0 |       1 |       0 |   0.0
      Orc:1 |    4926 |    1142 |  18.8 |      40 |       5 |  11.1
      Orc:2 |    1825 |     764 |  29.5 |      12 |       4 |  25.0
      Sewer |       0 |      53 | 100.0 |       0 |      16 | 100.0
     Bailey |       0 |    2132 | 100.0 |       0 |      20 | 100.0
            +---------+---------+-------+---------+---------+-------
